 Dungeon Crawl Stone Soup version bcrawl-1.27.1d (webtiles) character file.

Game seed: 11406545581230674331

196493 Freyura the Sneak (level 6, -3/47 HPs)
             Began as a Vampire Gladiator on July 19, 2020.
             Slain by an orc warrior
             ... wielding a +0 scimitar
              (7 damage)
             ... on level 4 of the Dungeon.
             The game lasted 00:06:50 (2706 turns).

Freyura the Sneak (Vampire Gladiator)               Turns: 2706, Time: 00:06:50

Health: -3/47      AC:  3    Str: 17    XL:     6   Next: 25%
Magic:  0/7        EV: 14    Int:  9    God:
Gold:   279        SH:  0    Dex: 16    Spells: 5/5 levels left

rFire    . . .     SeeInvis +   a - +2 rapier
rCold    + . .     Gourm    .   (no shield)
rNeg     + + .     Faith    .   j - +0 robe
rPois    ∞         Spirit   +   c - +0 helmet
rElec    .         Reflect  .   h - scarf {Spirit}
rCorr    .         Harm     .   (no gloves)
MR       .....                  (no boots)
Stlth    +++++.....             (no amulet)
HPRegen  0.07/turn              (no ring)
MPRegen  0.10/turn              (no ring)

@: bloodless, regenerating slowly
A: claws 1, fangs 3, see invisible, unbreathing
a: no special abilities


You were on level 4 of the Dungeon.
You were bloodless.

You visited 1 branch of the dungeon, and saw 4 of its levels.

You collected 279 gold pieces.

Inventory:

Hand Weapons
 a - a +2 rapier (weapon)
Missiles
 d - 3 throwing nets {=f}
Armour
 c - a +0 helmet (worn)
 h - a scarf of spirit shield (worn)
 j - a +0 robe (worn)
Wands
 g - a wand of scattershot (4)
Scrolls
 i - a scroll of identify
 k - a scroll of fog
Potions
 b - a potion of degeneration {unknown}
 e - 4 potions of curing
 f - 2 potions of berserk rage {unknown}
 q - 13 potions of blood


   Skills:
 + Level 3.0 Fighting
 + Level 4.9 Short Blades
 - Level 1.5 Throwing
 + Level 4.3 Dodging
 * Level 5.8 Stealth
 + Level 1.6 Evocations


You had 5 spell levels left.
You didn't know any spells.
Your spell library was empty.

Dungeon Overview and Level Annotations

Branches:
Dungeon (4/12)
 Temple: D:4-7

Altars:
Cheibriados
Gozag
Hepliaklqana
Lugonu
Qazlal
Ru
Xom
Yredelemnul


Innate Abilities, Weirdness & Mutations

You heal slowly.
You are immune to poison.
You have sharp fingernails.
You have razor-sharp teeth.
You have supernaturally acute eyesight. (SInv)
You can survive without breathing.


Message History

You are too injured to fight recklessly!
You are too injured to fight recklessly!
You are too injured to fight recklessly!
You are too injured to fight recklessly!
The adder skeleton barely misses you. The orc warrior misses you.
You closely miss the orc warrior.
You bite the orc warrior, but do no damage.
The orc warrior is moderately wounded.
The adder skeleton bites you but does no damage.
The orc warrior hits you with a +0 scimitar!!
Ouch! That really hurt!
* * * LOW HITPOINT WARNING * * *
You hit the orc warrior.
The orc warrior is moderately wounded.
The adder skeleton barely misses you.
You hit the orc warrior. Your bite misses the orc warrior.
The orc warrior is heavily wounded.
The adder skeleton bites you but does no damage.
The orc warrior hits you with a +0 scimitar!
You die...

##.##
#.....).#
#..# ###
##......#
#..# ##.##
#.......
#..# #...#
#.......
#..# ##.).#
##......
#..# #....#
##.####
##.## #....#
..# #..#
##....# ##
#..# #@....#
#..###oZ...#
#...##....##
#...##...##
#...##...#
#....#..##
#......##
#.....##
#......


You could see an orc warrior and an adder skeleton.

Vanquished Creatures
  A centaur (D:4)
  A scorpion (D:3)
  A crimson imp (D:4)
  A worker ant (D:3)
  3 gnolls (D:2)
  2 adders
  3 oozes
  2 worms
  4 dart slugs
  9 leopard geckos
  3 orcs (D:4)
  A ball python (D:3)
  6 goblins
  9 hobgoblins
  3 jackals (D:1)
  6 kobolds
  A quokka (D:2)
  A bat (D:1)
  3 rats
60 creatures vanquished.

Notes
Turn   | Place    | Note
-------+----------+-------------------------------------------
     0 | D:1      | Freyura the Vampire Gladiator began the quest for the Orb.
     0 | D:1      | Reached XP level 1. HP: 16/16 MP: 1/1
   100 | D:1      | Reached skill level 1 in Stealth
   141 | D:1      | Reached XP level 2. HP: 22/22 MP: 2/2
   220 | D:1      | Reached skill level 2 in Stealth
   330 | D:1      | Reached XP level 3. HP: 19/27 MP: 3/3
   571 | D:1      | Reached skill level 3 in Stealth
  1056 | D:2      | Reached XP level 4. HP: 26/34 MP: 2/4
  1242 | D:2      | Reached skill level 4 in Stealth
  1320 | D:2      | Found a basalt altar of Yredelemnul.
  1322 | D:2      | Found a snail-covered altar of Cheibriados.
  1341 | D:2      | Found a stormy altar of Qazlal.
  1506 | D:2      | Found a sacrificial altar of Ru.
  1506 | D:2      | Found an opulent altar of Gozag.
  1511 | D:2      | Found a shimmering altar of Xom.
  1513 | D:2      | Found a faded altar of an unknown god.
  1515 | D:2      | Found a faded altar of an unknown god.
  1758 | D:3      | Reached XP level 5. HP: 26/39 MP: 2/5
  1905 | D:3      | Found a corrupted altar of Lugonu.
  2203 | D:3      | Reached skill level 5 in Stealth
  2203 | D:3      | Reached skill level 1 in Evocations
  2477 | D:3      | Found a hazy altar of Hepliaklqana.
  2580 | D:4      | Noticed a centaur
  2590 | D:4      | Killed a centaur
  2590 | D:4      | Reached XP level 6. HP: 30/47 MP: 5/7
  2690 | D:4      | Noticed an orc warrior
  2706 | D:4      | Slain by an orc warrior

Skill      XL: |  1  2  3  4  5 |
---------------+----------------+-----
Stealth        | 1 2 3 4 5 |  5.8
Fighting       | 2 3 |  3.0
Short Blades   | 4 |  4.9
Dodging        | 4 |  4.3
Evocations     | 1 |  1.6
Throwing       | |  1.5

Action                   |  1- 3 |  4- 6 || total
-------------------------+-------+-------++-------
Melee: Rapier            |    57 |    88 ||   145
       Bite              |     6 |     9 ||    15
  Use: Scroll            |       |    10 ||    10
       Potion            |       |     2 ||     2
 Stab: Sleeping          |     6 |    15 ||    21
Armor: Leather armour    |    11 |       ||    11
       Robe              |       |     8 ||     8
Dodge: Dodged            |    27 |    43 ||    70
